 Dungeon Crawl Stone Soup version 0.26-b1-32-g5d43845 (webtiles) character file.

Game seed: 12779390911128452467

8855 bogs101 the Tainter (level 11, -8/54 HPs)
             Began as a Deep Elf Hedge Wizard on Jan 6, 2021.
             Was an Elder of Vehumet.
             Mangled by a yak (9 damage)
             ... on level 11 of the Dungeon on Jan 7, 2021.
             The game lasted 02:02:25 (14332 turns).

bogs101 the Tainter (Deep Elf Hedge Wizard)        Turns: 14332, Time: 02:02:26

Health: -8/54      AC:  9    Str:  7    XL:     11   Next: 15%
Magic:  18/20      EV: 13    Int: 23    God:    Vehumet [****..]
Gold:   577        SH:  0    Dex: 14    Spells: 3/20 levels left

rFire    . . .     SeeInvis .   W - +6 spear
rCold    . . .     Faith    .   (no shield)
rNeg     . . .     Spirit   .   b - +0 robe
rPois    .         Reflect  .   c - +0 hat
rElec    .         Harm     .   p - +1 cloak
rCorr    .         Rampage  .   (no gloves)
Will     +....                  S - +0 pair of boots
Stlth    ++........             (no amulet)
HPRegen  0.18/turn              Q - ring of wizardry
MPRegen  0.17/turn              I - +4 ring of protection

@: no status effects
A: no striking features
a: Renounce Religion


You were on level 11 of the Dungeon.
You worshipped Vehumet.
Vehumet was greatly pleased with you.
You visited 2 branches of the dungeon, and saw 12 of its levels.

You collected 577 gold pieces.

Inventory:

Hand Weapons
 w - a cursed +0 long sword
 B - a +4 quarterstaff of chaos
 W - a +6 spear (weapon)
Missiles
 h - 153 arrows
 v - 93 bolts
 X - 3 silver boomerangs
Armour
 b - a +0 robe (worn)
 c - a +0 hat (worn)
 p - a +1 cloak (worn)
 S - a +0 pair of boots (worn)
Jewellery
 k - a +4 ring of slaying
 s - an uncursed ring of magical power
 y - a +6 ring of strength
 G - an uncursed ring of flight
 I - a +4 ring of protection (right hand)
 Q - a ring of wizardry (left hand)
 U - an uncursed ring of protection from fire
Wands
 a - a wand of polymorph (4)
 C - a wand of random effects (19)
 L - a wand of flame (9)
 M - a wand of iceblast (12)
 R - a wand of acid (6)
 Y - a wand of paralysis (4)
Scrolls
 e - 3 scrolls of amnesia
 f - 3 scrolls of teleportation
 g - 5 scrolls of enchant armour
 i - 2 scrolls of identify
 l - 5 scrolls of enchant weapon
 q - 3 scrolls of fog
 t - 3 scrolls of magic mapping
 D - 4 scrolls of immolation
 F - 2 scrolls of remove curse
 O - a scroll of brand weapon {unknown}
 V - a scroll of blinking {unknown}
Potions
 d - 3 potions of flight
 j - a potion of magic {unknown}
 m - 3 potions of mutation
 n - 2 potions of might {unknown}
 o - a potion of attraction {unknown}
 r - a potion of berserk rage {unknown}
 x - 5 potions of curing
 A - a potion of haste {unknown}
 E - 2 potions of brilliance {unknown}
 H - a potion of cancellation {unknown}
 J - 2 potions of degeneration {unknown}
 K - a potion of lignification {unknown}
 T - a potion of heal wounds {unknown}
 Z - a potion of ambrosia {unknown}


   Skills:
 - Level 2.4 Dodging
 - Level 2.4 Stealth
 - Level 5.1 Spellcasting
 - Level 6.1 Conjurations
 - Level 1.1 Summonings
 - Level 1.1 Translocations
 - Level 10.9 Fire Magic
 * Level 5.9 Air Magic
 - Level 12.1 Poison Magic


You had 3 spell levels left.
You knew the following spells:

 Your Spells              Type           Power        Failure   Level
a - Magic Dart            Conj           100%         1%          1
b - Blink                 Tloc           N/A          3%          2
c - Conjure Flame         Conj/Fire      45%          1%          3
d - Mephitic Cloud        Conj/Pois/Air  43%          1%          3
e - Foxfire               Conj/Fire      100%         1%          1
f - Ignite Poison         Fire/Tmut/Pois 41%          1%          3
g - Iskenderun's Mystic   Conj/Tloc      22%          2%          4

Your spell library contained the following spells:

 Spells                   Type           Power        Failure   Level
 Fireball                 Conj/Fire      22%          1%          5
 Call Imp                 Summ           11%          3%          2
 Animate Skeleton         Necr           10%          4%          1
 Pain                     Necr           20%          4%          1
 Slow                     Hex            5%           6%          2
 Vampiric Draining        Necr           2%           12%         3
 Animate Dead             Necr           2%           34%         4
 Agony                    Necr           5%           67%         5


Dungeon Overview and Level Annotations

Branches:
Dungeon (11/15)            Temple (1/1) D:4             Orc (0/2) D:10
   Lair: D:8-11

Altars:
Ashenzari
Cheibriados
Dithmenos
Elyvilon
Fedhas
Gozag
Hepliaklqana
Kikubaaqudgha
Makhleb
Nemelex Xobeh
Okawaru
Qazlal
Ru
Sif Muna
Trog
Uskayaw
Vehumet
Wu Jian
Yredelemnul
Zin
Beogh
Jiyva

Shops:
D:8 *

Annotations:
D:1 exclusion: 2 downstairs
D:3 exclusion: downstairs
D:4 1 runed translucent door, exclusion: downstairs, anxiouspangolin's ghost, amateur TrBe
D:5 3 runed translucent doors, exclusion: downstairs, Esaqocwa's ghost, amateur HuFi; Nullo's ghost, novice HuSu; Picru's ghost, amateur GnFi; fearitself's ghost, novice VSWn
D:6 exclusion: downstairs
D:7 exclusion: downstairs
D:8 exclusion: 2 downstairs
D:11 2 transporters, exclusions: orange crystal statue and upstairs


Message History

Casting: Blink (safe; 3% risk of failure)
Confirm with . or Enter, or press ? or * to list all spells.
You blink.
The gnoll sergeant shouts!
A gnoll comes into view. It is wielding a +0 club.
The gnoll sergeant hits you from afar with a +0 vorpal spear.
* * * LOW HITPOINT WARNING * * *
x2 The gnoll shouts!
The gnoll sergeant hits you from afar with a +0 vorpal spear!
* * * LOW HITPOINT WARNING * * *
x2 Reach: W) +6 spear
Press: ? - help, Dir - move target, f - yak, p - yak
Aim: a yak You hit the yak.
The yak is lightly wounded.
The yak barely misses you.
The gnoll sergeant hits you but does no damage.
Unknown command.
The yak gores you!
You die...

..#.......#....Y..#........#
..#.......#########........#
..#.......#.......Y#########
#........)'...[...)'......#
##.########g.....Y.#......#
O#........#.....Y..#......#
.#........#....gY..#......#
.#........#.....Y..########
.#Y.......#.....@..#
.#Y.......#..).....#
.#Y########........# .#.#
#........######### ##.#
#................# #..#
#########........# ..##
#........# .## #........#
..# #........#


You could see 5 yaks, a gnoll sergeant and a gnoll.

Vanquished Creatures
  Gastronok (D:11)
  Erica (D:9)
  2 two-headed ogres
  Maurice (D:9)
  A slime creature (D:11)
  4 ice beasts
  2 black bears
  3 orc warriors
  A sky beast (D:5)
  6 ogres
  4 centaurs
  6 bullfrogs
  2 gnoll sergeants
  A wyvern zombie (D:10)
  4 scorpions
  8 wights
  2 killer bees (D:10)
  3 howler monkeys
  7 hounds
  2 centaur zombies
  6 orc priests
  3 jellies
  6 orc wizards
  Crazy Yiuf (D:4)
  14 worker ants
  An iguana (D:11)
  Ijyb (D:4)
  3 hound skeletons
  A howler monkey skeleton (D:4)
  9 gnolls
  5 adders
  2 shadow imps
  3 white imps
  An ooze (D:5)
  A worm (D:3)
  3 adder skeletons
  4 leopard geckos
  59 orcs
  2 ball pythons
  3 giant cockroaches
  3 goblins
  9 hobgoblins
  14 jackals
  5 quokkas
  7 bats
  2 frilled lizards
  4 kobolds
  A leopard gecko zombie (D:5)
  8 rats
242 creatures vanquished.

Vanquished Creatures (others)
  148 foxfires
  3 fungi (D:10)
  16 plants (D:10)
  2 withered plants (D:5)
169 creatures vanquished.

Grand Total: 411 creatures vanquished

Notes
Turn   | Place    | Note
-------+----------+-------------------------------------------
     0 | D:1      | bogs101 the Deep Elf Hedge Wizard began the quest for the
                  | Orb.
     0 | D:1      | Reached XP level 1. HP: 10/10 MP: 7/7
   165 | D:1      | Reached skill level 5 in Spellcasting
   249 | D:1      | Reached XP level 2. HP: 15/15 MP: 6/10
   252 | D:1      | Learned a level 2 spell: Blink
  1129 | D:2      | Noticed a scorpion
  1173 | D:1      | Reached XP level 3. HP: 13/19 MP: 6/11
  1455 | D:2      | Learned a level 3 spell: Conjure Flame
  1459 | D:2      | Learned a level 3 spell: Mephitic Cloud
  2064 | D:2      | Killed a scorpion
  2065 | D:2      | Reached XP level 4. HP: 24/24 MP: 5/13
  2344 | D:3      | Found a bloodstained altar of Trog.
  3019 | D:3      | Found a glowing silver altar of Zin.
  3114 | D:4      | Noticed Ijyb
  3124 | D:3      | Found a hide-covered altar of Uskayaw.
  3124 | D:3      | Found an ancient bone altar of Kikubaaqudgha.
  3325 | D:4      | Reached XP level 5. HP: 9/28 MP: 13/14
  3577 | D:4      | Found a white marble altar of Elyvilon.
  3587 | D:4      | Reached skill level 5 in Conjurations
  3730 | D:4      | Noticed anxiouspangolin's ghost (amateur TrBe)
  3731 | D:4      | Found a runed translucent door.
  3974 | D:4      | Found a staircase to the Ecumenical Temple.
  3983 | Temple   | Entered the Ecumenical Temple
  4111 | Temple   | Became a worshipper of Vehumet
  4416 | D:4      | Reached skill level 1 in Fire Magic
  4416 | D:4      | Reached XP level 6. HP: 15/32 MP: 13/15
  4469 | D:4      | Found a runed translucent door.
  4470 | D:4      | Noticed Crazy Yiuf
  4641 | D:4      | Killed Crazy Yiuf
  4653 | D:4      | Killed Ijyb
  5022 | D:5      | Entered Level 5 of the Dungeon
  5022 | D:5      | Noticed a sky beast
  5155 | D:5      | Noticed an ice beast
  5332 | D:5      | Killed an ice beast
  5458 | D:5      | Reached XP level 7. HP: 36/36 MP: 14/16
  5534 | D:5      | Reached skill level 5 in Fire Magic
  6310 | D:5      | Found a runed translucent gate.
  6310 | D:5      | Found a runed translucent gate.
  6310 | D:5      | Found a runed translucent gate.
  6312 | D:5      | Noticed Picru's ghost (amateur GnFi)
  6312 | D:5      | Noticed fearitself's ghost (novice VSWn)
  6312 | D:5      | Noticed Esaqocwa's ghost (amateur HuFi)
  6314 | D:5      | Noticed Nullo's ghost (novice HuSu)
  6518 | D:6      | Reached XP level 8. HP: 25/41 MP: 17/17
  6889 | D:6      | Reached * piety under Vehumet
  6889 | D:6      | Offered knowledge of Freeze by Vehumet.
  7848 | D:6      | Reached skill level 10 in Fire Magic
  8461 | D:7      | HP: 2/41 [bullfrog (3)]
  8463 | D:7      | Reached XP level 9. HP: 2/45 MP: 6/18
  8467 | D:7      | HP: 1/45 [poisoned by a worker ant]
  8676 | D:7      | Reached skill level 1 in Poison Magic
  8822 | D:7      | Reached skill level 2 in Poison Magic
  9012 | D:8      | Noticed a two-headed ogre
  9090 | D:8      | Killed a two-headed ogre
  9091 | D:8      | Reached skill level 6 in Poison Magic
  9254 | D:8      | Found Wyshreagh's Assorted Antiques.
  9362 | D:8      | Found a burning altar of Makhleb.
  9561 | D:8      | Offered knowledge of Foxfire by Vehumet.
  9562 | D:8      | Reached skill level 7 in Poison Magic
  9678 | D:8      | Reached ** piety under Vehumet
  9747 | D:8      | Learned a level 1 spell: Foxfire
  9960 | D:8      | Reached skill level 8 in Poison Magic
 10080 | D:8      | Offered knowledge of Ignite Poison by Vehumet.
 10343 | D:9      | Noticed Maurice
 10708 | D:9      | Noticed Erica
 10725 | D:9      | Killed Erica
 10726 | D:9      | Reached skill level 9 in Poison Magic
 10726 | D:9      | Reached XP level 10. HP: 25/50 MP: 14/19
 10975 | D:9      | Killed Maurice
 10975 | D:9      | Reached *** piety under Vehumet
 10976 | D:9      | Reached skill level 10 in Poison Magic
 10991 | D:9      | Found an opulent altar of Gozag.
 11718 | D:9      | Learned a level 3 spell: Ignite Poison
 11719 | D:10     | Entered Level 10 of the Dungeon
 11883 | D:10     | Noticed a two-headed ogre
 12048 | D:10     | Killed a two-headed ogre
 12049 | D:10     | Reached skill level 11 in Poison Magic
 12127 | D:10     | Offered knowledge of Iskenderun's Mystic Blast by Vehumet.
 12447 | D:10     | Noticed an orc knight
 12507 | D:10     | Found a roughly hewn altar of Beogh.
 12511 | D:10     | Found a staircase to the Orcish Mines.
 12832 | D:11     | Reached skill level 12 in Poison Magic
 12901 | D:11     | Noticed a centaur warrior
 12939 | D:11     | Noticed a centaur warrior
 12940 | D:11     | Found a transporter.
 12941 | D:11     | Noticed a two-headed ogre
 12989 | D:11     | Noticed a storm dragon
 12993 | D:11     | Noticed a yaktaur captain
 12996 | D:11     | Noticed an orange crystal statue
 13052 | D:10     | Reached skill level 1 in Air Magic
 13054 | D:10     | Reached **** piety under Vehumet
 13100 | D:11     | Learned a level 4 spell: Iskenderun's Mystic Blast
 13189 | D:11     | Found a viscous altar of Jiyva.
 13381 | D:11     | Offered knowledge of Fireball by Vehumet.
 13382 | D:11     | Noticed Gastronok
 13643 | D:11     | Killed Gastronok
 13644 | D:11     | Reached skill level 5 in Air Magic
 13644 | D:11     | Reached XP level 11. HP: 54/54 MP: 9/20
 13965 | D:11     | Found a transporter.
 14329 | D:11     | HP: 2/54 [gnoll sergeant/+0 vorpal spear (10)]
 14332 | D:11     | Mangled by a yak

Illustrated notes

Levels and vault maps discovered:
D:1:      giann_bridges, layout_loops_ring
D:2:      layout_basic
D:3:      layout_loops_cross, nicolae_overflow_hidden_temple,
          lightli_temple_of_fire
D:4:      layout_basic, minmay_temple_entry_poolview,
          hellmonk_ghost_happy_afterlife, elyvilon_altar_5,
          uniq_crazy_yiuf_cottage, uniq_ijyb
D:5:      layout_basic, gammafunk_ghost_cemetery, minmay_circle_x
D:6:      layout_loops_corners, minmay_hedge_maze, minmay_misc_feat_square
D:7:      layout_basic, grunt_decor_fettered
D:8:      layout_loops_cross, special_room [special_room_orc], serial_shops,
          nicolae_shop_crystal, basic_altar
D:9:      layout_irregular_city, basic_altar, uniq_erica, uniq_maurice
D:10:     layout_gridville, minmay_lair_entry_grove, david_orc_5
D:11:     gammafunk_sealed_arena, layout_gridville, serial_shops,
          nicolae_shop_behind_doors, jiyva_altar_1, uniq_gastronok
Temple:   hc_temple_tempest_star

Skill      XL: |  1  2  3  4  5  6  7  8  9 10 |
---------------+-------------------------------+-----
Spellcasting   | 5 |  5.1
Conjurations   | 2 4 6 |  6.1
Fire Magic     | 1 4 7 10 | 10.9
Poison Magic   | 9 12 | 12.1
Air Magic      | 5 |  5.9
Dodging        | |  2.4
Stealth        | |  2.4
Summonings     | |  1.1
Translocations | |  1.1

Action                   |  1- 3 |  4- 6 |  7- 9 | 10-12 || total
-------------------------+-------+-------+-------+-------++-------
Melee: Dagger            |     8 |       |       |       ||     8
       Quarterstaff      |       |       |     9 |     4 ||    13
       Spear             |       |       |       |    26 ||    26
 Fire: Hand crossbow     |       |     2 |       |       ||     2
 Cast: Magic Dart        |   112 |   132 |   448 |   225 ||   917
       Blink             |     4 |    11 |    15 |    24 ||    54
       Conjure Flame     |     1 |     4 |    31 |    17 ||    53
       Mephitic Cloud    |       |     2 |    20 |    15 ||    37
       Foxfire           |       |       |     9 |    73 ||    82
       Ignite Poison     |       |       |       |     6 ||     6
  Use: Scroll            |       |     2 |     9 |     5 ||    16
       Potion            |       |       |     2 |       ||     2
 Stab: Confused          |       |       |     1 |       ||     1
Armor: Robe              |     6 |     6 |     9 |    38 ||    59
Dodge: Dodged            |    34 |    29 |    62 |   102 ||   227
